 Dungeon Crawl Stone Soup version 0.30-a0-672-gc3a7216ad8 (webtiles) character file.

Game seed: 11565271900087337380

368 Newt the Trooper (level 6, -1/59 HPs)
             Began as an Armataur Fighter on Jan 18, 2023.
             Slain by Grinder (3 damage)
             ... on level 4 of the Dungeon.
             The game lasted 00:04:49 (3508 turns).

Newt the Trooper (Armataur Fighter)                 Turns: 3508, Time: 00:04:50

Health: -1/59      AC:  8    Str: 23    XL:     6   Next: 41%
Magic:  6/6        EV:  8    Int:  8    God:
Gold:   115        SH:  4    Dex: 10    Spells: 3/5 levels left

rFire   . . .      SeeInvis .    a - +0 rapier (flame)
rCold   . . .      Faith    .    c - +0 buckler
rNeg    . . .      Spirit   .    u - +2 troll leather armour {Pargi}
rPois   .          Reflect  .    (no helmet)
rElec   .          Harm     .    (no cloak)
rCorr   .          Roll     +    o - +0 pair of gloves
Will    .....                    (no barding)
Stlth   ++                       (no amulet)
HPRegen 1.09/turn                (no ring)
MPRegen 0.10/turn                (no ring)

@: no status effects
A: large, rugged brown scales 3, deformed body, armoured tail, roll, long
tongue, awkward tongue
a: no special abilities


You were on level 4 of the Dungeon.
You visited 1 branch of the dungeon, and saw 4 of its levels.

You collected 115 gold pieces.

Inventory:

Hand Weapons
 a - a +0 rapier of flaming (weapon)
 r - a +1 heavy mace
Missiles
 s - 7 poisoned darts (quivered)
Armour
 b - a +0 scale mail
 c - a +0 buckler (worn)
 o - a +0 pair of gloves (worn)
 u - a +2 troll leather armour (worn) {Pargi}
Jewellery
 l - a ring of ice
Wands
 n - a wand of light (2)
Scrolls
 f - 2 scrolls of identify
 h - a scroll of fog
 i - a scroll of amnesia
 j - 3 scrolls of teleportation
 m - 2 scrolls of immolation
 q - a scroll of magic mapping
Potions
 d - a potion of might
 g - 4 potions of brilliance
 k - 3 potions of flight
 t - a potion of heal wounds {unknown}


   Skills:
 + Level 5.6 Fighting
 - Level 3.0 Short Blades
 - Level 3.6 Armour
 - Level 3.0 Stealth
 - Level 3.2 Shields


You had 3 spell levels left.
You knew the following spells:

 Your Spells              Type           Power      Damage    Failure   Level
a - Wereblood             Tmut           0%         N/A       67%         2

Your spell library contained the following spells:

 Spells                   Type           Power      Damage    Failure   Level
 Sublimation of Blood     Necr           0%         N/A       67%         2
 Summon Hydra             Summ           0%         N/A       100%        7


Dungeon Overview and Level Annotations

Branches:
Dungeon (4/15)
 Temple: D:4-7

Altars:
Fedhas
Sif Muna

Annotations:
D:4 Grinder


Innate Abilities, Weirdness & Mutations

You are completely covered in rugged brown scales. (AC +3, +7% HP)
Armour fits poorly on your strangely shaped body.
You have a long armoured tail.
You roll when moving toward enemies. (Rampage)
Your long tongue fully drains potion bottles. (2x potion effects)
Your tongue gives you trouble enunciating. (1.5x scroll delay)


Message History

Grinder is heavily wounded.
Grinder hits you. Grinder closely misses you.
You closely miss Grinder.
Grinder is heavily wounded.
Grinder gestures at you. Pain shoots through your body!
Okay, then.
Aiming: Bolt of Light
Press: ? - help, Shift-Dir - straight line, f/p - Grinder
Aim: Grinder (heavily wounded, blind, 68% to hit)
The bolt of light hits Grinder!
Grinder is heavily wounded.
Grinder hits you.
* * * LOW HITPOINT WARNING * * *
You writhe in agony.
* * * LOW HITPOINT WARNING * * *
That's the wrong kind of item! (Use * to select it.) Fire/throw/use which item? ([*] to toss any item) (? for menu, Esc to quit)
Okay, then.
Throw: 2 throwing nets
Press: ? - help, Shift-Dir - straight line, f/p - Grinder
Aim: Grinder (heavily wounded, blind, 53% to hit)
You throw a throwing net.
The throwing net closely misses Grinder.
Grinder gestures at you. Pain shoots through your body!
* * * LOW HITPOINT WARNING * * *
You slurp down every last drop of the bubbling sapphire potion!
It was a potion of curing.
You feel better.
Grinder says, "FISH!"
Grinder gestures at you. Pain shoots through your body!
* * * LOW HITPOINT WARNING * * *
Throw: throwing net
Press: ? - help, Q - select action, (/) - cycle Shift-Dir - straight line, f/p - Grinder
Aim: Grinder (heavily wounded, blind, 53% to hit)
You throw a throwing net.
The throwing net completely misses Grinder.
Grinder is no longer blind.
Grinder hits you.
You die...

##.# #.# #.# #.# .... #.# #.#
#.# ... #.# #.#####.# #.. # #.#
#.#))...# #.. .# ... ##.#)#####
#..##( #.# ...#..<..# #..(. #.#
#####....#####..5#####.########
#.......# #@##...........# #
#....##.# #.##.##.######.#
..........#.# #....##.#
########..#.# #######.# #..#.#
##.# ### #..#.# #####..# #..
### #..#.#####.....## #.#
..#### ####.......###########
#.# #....##########..##
#.......###.#


You could see Grinder.

Vanquished Creatures
  Pargi (D:3)
  A scorpion (D:4)
  A gnoll bouda (D:4)
  Robin (D:2)
  5 gnolls (D:4)
  3 adders
  4 dart slugs
  4 orcs
  7 endoplasms
  4 giant cockroaches
  12 goblins
  9 hobgoblins
  6 jackals
  6 kobolds
  4 quokkas
  4 ball pythons
  2 bats (D:2)
  3 frilled lizards
  2 rats
79 creatures vanquished.

Notes
Turn   | Place    | Note
-------+----------+-------------------------------------------
     0 | D:1      | Newt the Armataur Fighter began the quest for the Orb.
     0 | D:1      | Reached XP level 1. HP: 19/19 MP: 1/1
    42 | D:1      | Reached skill level 3 in Fighting
   206 | D:1      | Reached XP level 2. HP: 26/27 MP: 2/2
   818 | D:2      | Reached XP level 3. HP: 35/35 MP: 3/3
   905 | D:2      | Reached skill level 4 in Fighting
   950 | D:2      | Reached skill level 1 in Stealth
   987 | D:2      | Found a faded altar of an unknown god.
  1126 | D:2      | Noticed Robin
  1145 | D:2      | Killed Robin
  1146 | D:2      | Reached XP level 4. HP: 10/42 MP: 4/4
  2363 | D:3      | Noticed Pargi
  2369 | D:3      | Killed Pargi
  2370 | D:3      | Reached XP level 5. HP: 46/50 MP: 5/5
  2415 | D:3      | Learned a level 2 spell: Wereblood
  2698 | D:3      | Found a blossoming altar of Fedhas.
  2699 | D:3      | Found a shimmering blue altar of Sif Muna.
  3007 | D:4      | Reached skill level 5 in Fighting
  3009 | D:4      | Reached XP level 6. HP: 59/59 MP: 6/6
  3496 | D:4      | Noticed Grinder
  3507 | D:4      | HP: 1/59 [Grinder/nerve-wracking pain (14)]
  3508 | D:4      | Slain by Grinder

Illustrated notes

Levels and vault maps discovered:
D:1:      tarquinn_simple_flora_water_a, layout_loops_ring,
          corexii_hall_statues_l, nicolae_eternal_life
D:2:      layout_basic, hellmonk_ecumenical_altar_leap_of_faith, uniq_robin
D:3:      wad_pebble_path, layout_basic, nicolae_overflow_squiral, uniq_pargi
D:4:      layout_basic, uniq_grinder, uniq_menkaure

Skill      XL: |  1  2  3  4  5 |
---------------+----------------+-----
Fighting       | 3 4 5 |  5.6
Stealth        | 2 3 |  3.0
Short Blades   | 3 |  3.0
Armour         | |  3.6
Shields        | |  3.2

Action                   |  1- 3 |  4- 6 || total
-------------------------+-------+-------++-------
Melee: Rapier            |   155 |   120 ||   275
       Tailslap          |    11 |    12 ||    23
Throw: Dart              |       |     2 ||     2
       Throwing net      |       |     2 ||     2
Evoke: Wand              |       |     4 ||     4
  Use: Scroll            |     7 |     5 ||    12
       Potion            |     2 |     1 ||     3
 Stab: Invisible         |       |     1 ||     1
       Sleeping          |       |     2 ||     2
Armor: Scale mail        |    59 |    31 ||    90
       Troll leather arm |       |    13 ||    13
Dodge: Dodged            |    62 |    31 ||    93
Block: Buckler           |    31 |    23 ||    54

Table legend: (Time is in decaauts)
 A = Elapsed time spent in this place.
 B = Non-inter-level travel time spent in this place.
 C = Inter-level travel time spent in this place.
 D = Time resting spent in this place.
 E = Time spent auto-exploring this place.
 F = Levels seen in this place.
 G = Mean time per level.
                   A        B        C        D        E       F      G
               +--------+--------+--------+--------+--------+-----+--------+
         Total |   3547 |   3431 |    116 |    676 |   2132 |   4 |  886.8 |
       Dungeon |   3547 |   3431 |    116 |    676 |   2132 |   4 |  886.8 |
               +--------+--------+--------+--------+--------+-----+--------+

Top non-repeatable levels by time:
     D:1: 1025 daAuts
     D:3: 1014 daAuts
     D:2: 948 daAuts
     D:4: 557 daAuts
